Map: Ruins of Seras

Players

sOs - Winner!

  • Race: Protoss Protoss

MinChul (MC)

  • Race: Protoss Protoss

Event: IEM Season 10 - Taipei

VOD

https://youtu.be/Tii8uc4hSvc

Description

In this game from IEM Taipei, both MC and sOs open with 2 Gate Stalker. After a minor skirmish between 2 Stalkers on each side, they both take their naturals around 3:20, and continue to mirror each other with Robos. MC finally diverges with an earlier Twilight Council for Blink.

Both players go into Immortal Stalker, and the first engagement comes around 7:00 when MC attacks sOs's third base. MC reinforces with a Warp Prism and is able to destroy the Nexus.

sOs goes Dark Shrine and moves out with a soft contain on MC with a forward Pylon. He drops a DT into the main with a Warp Prism as he pushes with the rest of his army into MC's 3rd base. By killing workers, sOs takes a big supply lead, and MC GGs soon after

Time

  • Played on: Jan. 31, 2016, 11:33 p.m.
  • Length: 12:06

All games in this series

Show
View Real Time Build Order
Export as new Build Order

sOs Protoss - Winner!

Build Orders: 2 Gate Expand, 2 Gate Stalker, Immortal Stalker 

Get SALT Encoding   

  12  0:00  Probe (Chrono Boost)  
  13  0:11  Probe (Chrono Boost)  
  14  0:18  Pylon  
  14  0:22  Probe (Chrono Boost)  
  15  0:36  Probe (Chrono Boost)  
  15  0:38  Gateway  
  16  0:44  Assimilator  
  16  0:47  Probe (Chrono Boost)  
  17  0:56  Assimilator  
  17  0:57  Probe (Chrono Boost)  
  18  1:08  Probe (Chrono Boost)  
  18  1:11  Gateway  
  20  1:18  Probe (Chrono Boost)  
  20  1:25  Cybernetics Core  
  20  1:29  Probe (Chrono Boost)  
  21  1:35  Pylon  
  21  1:39  Probe (Chrono Boost)  
  22  1:50  Probe (Chrono Boost)  
  18  2:01  Stalker x2  
  23  2:03  Warp Gate (Chrono Boost)  
  23  2:06  Probe (Chrono Boost)  
  28  2:17  Mothership Core (Chrono Boost)  
  28  2:21  Pylon  
  30  2:35  Probe (Chrono Boost)  
  31  2:42  Stalker x2  
  35  3:17  Nexus  
  35  3:19  Stalker  
  37  3:21  Stalker  
  39  3:35  Robotics Facility  
  39  3:41  Pylon  
  39  3:59  Probe (Chrono Boost), Sentry x2  
  44  4:07  Pylon  
  44  4:09  Probe (Chrono Boost)  
  45  4:20  Probe (Chrono Boost)  
  45  4:23  Observer  
  47  4:30  Probe (Chrono Boost)  
  47  4:31  Probe (Chrono Boost)  
  49  4:41  Probe x2 (Chrono Boost)  
  49  4:42  Sentry  
  49  4:43  Phoenix  
  53  4:51  Observer  
  53  4:52  Probe x2 (Chrono Boost)  
  56  4:54  Nexus  
  56  5:01  Twilight Council  
  56  5:03  Probe x2 (Chrono Boost)  
  58  5:14  Probe x2 (Chrono Boost)  
  60  5:15  Immortal  
  64  5:21  Pylon  
  64  5:24  Probe x2 (Chrono Boost)  
  64  5:28  Assimilator  
  66  5:29  Phoenix  
  66  5:32  Assimilator  
  66  5:35  Probe x2 (Chrono Boost)  
  68  5:38  Blink (Chrono Boost)  
  68  5:47  Probe x2  
  70  5:51  Gateway  
  70  5:54  Gateway  
  70  5:56  Immortal  
  74  6:05  Probe x3  
  77  6:18  Gateway  
  77  6:19  Sentry  
  77  6:23  Gateway  
  77  6:25  Stalker  
  81  6:33  Immortal, Pylon  
  81  6:37  Pylon  
  83  6:48  Stalker x2  
  83  6:50  Stalker  
  83  6:52  Probe  
  83  6:54  Probe  
  91  7:03  Stalker  
  91  7:07  Immortal  
  90  7:19  Stalker x3  
  90  7:32  Stalker  
  90  7:33  Stalker x2  
  88  7:46  Stalker x3  
  88  7:49  Pylon  
  86  8:03  Pylon  
  84  8:21  Probe x2  
  84  8:23  Nexus  
  84  8:26  Immortal  
  84  8:29  Pylon  
  84  8:39  Stalker x2  
  86  8:45  Pylon  
  86  8:46  Pylon  
  86  8:47  Dark Shrine  
  86  8:48  Sentry x4  
  94  9:00  Warp Prism  
  94  9:03  Probe x2  
  94  9:08  Stalker x2  
  102  9:12  Pylon  
  102  9:20  Stalker x2  
  102  9:23  Stalker  
  108  9:26  Probe  
  108  9:27  Probe  
  110  9:34  Stalker  
  112  9:47  Sentry x2  
  112  9:52  Stalker x2  
  120  9:53  Stalker  
  120  9:58  Pylon  
  122  10:02  Dark Templar  
  122  10:05  Probe  
  125  10:07  Probe x2  
  125  10:08  Dark Templar  
  125  10:11  Pylon  
  125  10:12  Dark Templar  
  130  10:35  Stalker x4  
  130  10:59  Stalker  
  130  11:00  Stalker x5  
  134  11:11  Assimilator  
  134  11:12  Assimilator  
  134  11:14  Gateway  
  134  11:15  Probe  
  134  11:16  Immortal  
  134  11:17  Probe x2  
  137  11:22  Forge  
  139  11:27  Robotics Bay  
  139  11:29  Zealot x5  
  139  11:32  Pylon  
  149  11:35  Pylon  
  149  11:36  Pylon  
  147  11:50  Nexus  
  147  11:53  Dark Templar, Pylon  
  149  11:55  Robotics Facility  
  149  11:56  Dark Templar  
  151  12:02  Dark Templar  
Show
View Real Time Build Order
Export as new Build Order

MinChul Protoss 

Build Orders: 2 Gate Expand, 2 Gate Stalker, Immortal Stalker 

Get SALT Encoding   

  12  0:00  Probe (Chrono Boost)  
  13  0:11  Probe (Chrono Boost)  
  14  0:19  Pylon  
  14  0:23  Probe (Chrono Boost)  
  15  0:37  Probe (Chrono Boost)  
  15  0:38  Gateway  
  16  0:48  Assimilator, Probe (Chrono Boost)  
  17  0:53  Assimilator  
  17  0:58  Probe (Chrono Boost)  
  18  1:06  Gateway  
  18  1:09  Probe (Chrono Boost)  
  19  1:19  Probe (Chrono Boost)  
  20  1:25  Cybernetics Core  
  20  1:30  Probe (Chrono Boost)  
  21  1:39  Pylon  
  21  1:41  Probe (Chrono Boost)  
  22  1:51  Probe (Chrono Boost)  
  23  2:02  Warp Gate (Chrono Boost), Mothership Core (Chrono Boost)  
  25  2:13  Stalker x2  
  29  2:24  Pylon  
  29  2:28  Probe  
  30  2:41  Probe  
  31  2:44  Stalker x2  
  34  3:19  Nexus  
  32  3:22  Sentry x2  
  36  3:31  Robotics Facility  
  36  3:38  Pylon  
  36  3:39  Probe (Chrono Boost)  
  37  3:44  Pylon  
  37  3:50  Probe (Chrono Boost)  
  38  4:00  Twilight Council  
  38  4:01  Probe (Chrono Boost)  
  39  4:11  Probe (Chrono Boost)  
  40  4:18  Observer (Chrono Boost)  
  40  4:22  Probe  
  40  4:23  Stalker  
  44  4:25  Stalker  
  44  4:26  Blink (Chrono Boost)  
  44  4:29  Probe  
  47  4:34  Probe  
  48  4:43  Probe  
  49  4:47  Probe  
  50  4:56  Immortal (Chrono Boost)  
  54  5:02  Probe  
  54  5:04  Probe  
  56  5:08  Assimilator  
  56  5:14  Probe  
  56  5:16  Probe  
  56  5:19  Pylon  
  58  5:26  Probe  
  58  5:28  Probe  
  60  5:31  Immortal (Chrono Boost)  
  64  5:38  Stalker x2  
  64  5:39  Probe  
  64  5:40  Probe  
  64  5:42  Assimilator  
  70  5:53  Gateway  
  70  5:54  Gateway  
  70  6:00  Gateway  
  70  6:03  Gateway  
  70  6:09  Warp Prism (Chrono Boost)  
  72  6:11  Sentry x2  
  72  6:17  Pylon  
  76  6:19  Probe x2  
  76  6:23  Pylon  
  78  6:30  Pylon  
  78  6:33  Pylon  
  78  6:56  Stalker x2  
  78  6:57  Stalker x4  
  78  7:21  Stalker x6  
  74  7:44  Stalker x4  
  72  7:54  Stalker x2  
  74  7:59  Probe  
  74  8:00  Probe  
  74  8:01  Immortal (Chrono Boost)  
  79  8:14  Probe (Chrono Boost)  
  79  8:16  Probe (Chrono Boost)  
  79  8:18  Nexus  
  69  8:37  Stalker x2  
  69  8:38  Stalker x4  
  79  8:43  Pylon  
  79  8:44  Pylon  
  79  8:46  Immortal  
  83  9:06  Zealot x3, Sentry x2  
  93  9:11  Sentry  
  95  9:20  Immortal  
  99  9:35  Stalker  
  99  9:36  Stalker x2  
  94  9:46  Stalker x2  
  94  9:49  Stalker  
  100  9:57  Observer  
  101  10:01  Zealot x3  
  107  10:10  Stalker x2  
  107  10:13  Immortal  
  107  10:14  Stalker  
  117  10:27  Probe x2 (Chrono Boost)  
  120  10:28  Probe (Chrono Boost)  
  120  10:37  Probe (Chrono Boost)  
  120  10:38  Probe (Chrono Boost)  
  120  10:40  Probe (Chrono Boost)  
  118  10:47  Stalker x2, Immortal  
  105  10:57  Zealot x3  
  107  11:05  Stalker  
  99  11:11  Stalker x2  
  98  11:21  Stalker x2  
  98  11:22  Probe (Chrono Boost)  
  103  11:25  Probe (Chrono Boost)  
  104  11:33  Probe x2 (Chrono Boost)  
  104  11:38  Sentry x2  
  105  11:52  Probe (Chrono Boost)  
  105  11:53  Probe (Chrono Boost)  
  112  11:54  Probe (Chrono Boost)  

Tags
 
Add a new tag
Caveats
  • Supply blocks, unpowered buildings, or Contaminate may cause inaccurate times.
  • Supply counts are checked every 10 seconds.